 Dungeon Crawl Stone Soup version 0.22-a0-525-gf69a080 (webtiles) character file.

56 iamserjio the Charmwright (level 3, -1/23 HPs)
             Began as an Octopode Wanderer on June 20, 2018.
             Was an Initiate of Gozag.
             Killed by divine providence
             ... invoked by an orc priest
              (14 damage)
             ... on level 3 of the Dungeon.
             The game lasted 00:04:42 (1861 turns).

iamserjio the Charmwright (Octopode Wanderer)       Turns: 1861, Time: 00:04:43

Health: -1/23      AC:  1    Str: 12    XL:     3   Next: 95%
Magic:  6/6        EV: 13    Int: 12    God:    Gozag
Gold:   149        SH:  0    Dex: 13    Spells: 1/6 levels left

rFire    . . .     SeeInvis .     - Unarmed
rCold    . . .     Gourm    .   (no shield)
rNeg     . . .     Faith    .   (helmet restricted)
rPois    .         Spirit   .   (no amulet)
rElec    .         Reflect  .   (no ring)
rCorr    .         Harm     .   (no ring)
MR       .....                  (no ring)
Stlth    +++.......             (no ring)
HPRegen  0.07/turn              (no ring)
MPRegen  0.10/turn              (no ring)
                                (no ring)
                                (no ring)

@: no status effects
A: almost no armour, stealthy swim, amphibious, 8 rings, constrict 8, camouflage
1, gelatinous body 1
a: Potion Petition, Call Merchant, Bribe Branch, Renounce Religion


You were on level 3 of the Dungeon.
You worshipped Gozag.
Gozag was aware of your devotion.
You were near starving.

You visited 1 branch of the dungeon, and saw 3 of its levels.

You collected 171 gold pieces.
You paid 22 gold pieces to Gozag.

Inventory:

Hand Weapons
 d - a +0 dagger
Missiles
 b - 84 stones (quivered)
Jewellery
 j - an uncursed ring of fire {unknown}
Scrolls
 a - 2 scrolls of teleportation {unknown}
 c - a scroll of magic mapping {unknown}
 e - a scroll of noise {unknown}
 g - 4 scrolls of identify {unknown}
 h - a scroll of enchant weapon {unknown}
 i - a scroll of enchant armour {unknown}
Potions
 k - a potion of lignification {unknown}
 l - a potion of invisibility {unknown}
 m - a potion of degeneration {unknown}
Comestibles
 f - 6 rations


   Skills:
 + Level 1.4 Fighting
 - Level 1.3 Dodging
 + Level 2.9 Stealth
 * Level 2.1 Unarmed Combat
 - Level 2.0 Spellcasting
   Level 3.0 Charms
 + Level 0.5 Transmutations
   Level 1.0 Fire Magic
 - Level 2.4 Poison Magic


You had one spell level left.
You knew the following spells:

 Your Spells              Type           Power        Failure   Level  Hunger
a - Spider Form           Tmut/Pois      #.........   41%         3    ####...
b - Blink                 Tloc           N/A          38%         2    ###....

Your spell library contained the following spells:

 Spells                   Type           Power        Failure   Level  Hunger
 Magic Dart               Conj           #...         26%         1    ##.....
 Conjure Flame            Conj/Fire      #.......     54%         3    ####...
 Slow                     Hex            #.......     38%         2    ###....
 Throw Frost              Conj/Ice       #.....       38%         2    ###....
 Mephitic Cloud           Conj/Pois/Air  #.......     52%         3    ####...
 Call Imp                 Summ           #.......     38%         2    ###....
 Blade Hands              Tmut           #.........   99%         5    ######.
 Ice Form                 Ice/Tmut       #.......     94%         4    #####..
 Flame Tongue             Conj/Fire      #....        22%         1    ##.....
 Sticks to Snakes         Tmut           #.......     32%         2    ###....
 Ensorcelled Hibernation  Hex/Ice        #.....       38%         2    ###....
 Inner Flame              Hex/Fire       #.......     54%         3    ####...
 Beastly Appendage        Tmut           #.....       22%         1    ##.....


Dungeon Overview and Level Annotations

Branches:
Dungeon (3/15)

Altars:
Gozag

Annotations:
D:3 Ijyb


Innate Abilities, Weirdness & Mutations

You cannot wear most types of armour.
You are very stealthy in the water. (Stealth+)
You are amphibious.
You can wear up to eight rings at the same time.
You can use your tentacles to constrict eight enemies at once.
Your skin changes colour to match your surroundings (Stealth+).
Your rubbery body absorbs attacks. (AC +1, EV +1)


Message History

There is a stone staircase leading up here.
You climb upwards.
There is a stone staircase leading down here.
You start resting.
You are near starving!
You start resting.
HP restored.
You climb downwards.
You hear the sound of rushing water.
There is an entrance to a sewer on this level.
Hurry and find it before the portal rusts away!
Level annotation: Ijyb You hear the rusting of a very distant drain.
The orc hits you with a mace of protection.
There is a stone staircase leading up here.
The orc hits you with a mace of protection!
The orc priest invokes the aid of Beogh against you.
Beogh smites you!
Ouch! That really hurt!
You die...
Your body crumbles into a pile of gold.

###### ...#.. .#
##.#.# .# #.#.# .#
##.#.#####.# .#
............ .#
##.#.###### .#
#.#.# ######.#
#.#.#######.o..@.#
#...........####o#
...#.#######.# .#
...#.. ..# .#
(..... ...# .#
##.#.## ##### .#
#.#.# .# # #.# .#
..


You could see an orc priest and an orc.

Vanquished Creatures
  2 adders (D:2)
  A dart slug (D:2)
  3 leopard geckos
  An orc (D:3)
  2 bats (D:1)
  2 giant cockroaches (D:2)
  4 hobgoblins (D:1)
  3 frilled lizards
  9 goblins
  3 kobolds
  2 rats (D:2)
32 creatures vanquished.

Notes
Turn   | Place    | Note
-------+----------+-------------------------------------------
     0 | D:1      | iamserjio the Octopode Wanderer began the quest for the Orb.
     0 | D:1      | iamserjio set off with: a +0 dagger, a ration
     0 | D:1      | Reached XP level 1. HP: 11/11 MP: 3/3
    75 | D:1      | Reached XP level 2. HP: 12/18 MP: 5/5
   195 | D:1      | Reached skill level 1 in Unarmed Combat
   932 | D:2      | Reached skill level 1 in Fighting
   932 | D:2      | Reached skill level 1 in Dodging
   932 | D:2      | Reached XP level 3. HP: 23/23 MP: 6/6
   941 | D:2      | Learned a level 3 spell: Spider Form
   980 | D:2      | Found an opulent altar of Gozag.
  1074 | D:2      | Became a worshipper of Gozag Ym Sagoz the Greedy
  1564 | D:2      | Learned a level 2 spell: Blink
  1569 | D:3      | Noticed Ijyb
  1861 | D:3      | Killed from afar by an orc priest

Vault maps used:
D:1:      dpeg_arrival_chase
D:2:      grunt_gozag_breadcrumbs
D:3:      portal_sewer_entry_e, first_ration, cheibrodos_gnoll_hut,
          uniq_grinder, uniq_ijyb

Skill      XL: |  1  2  3 |
---------------+----------+-----
Unarmed Combat | 1 2 |  2.1
Fighting       | 1 |  1.4
Dodging        | 1 |  1.3
Stealth        | |  2.9
Spellcasting   | |  2.0
Charms         | |  3.0
Transmutations | |  0.5
Fire Magic     | |  1.0
Poison Magic   | |  2.4

Action                   || total
-------------------------++-------
Melee: Dagger            ||    56
       Constrict         ||    18
       Tentacles         ||     9
       Unarmed           ||    11
 Stab: Sleeping          ||    10
       Distracted        ||     1
  Eat: Chunk             ||     1
Armor: Skin              ||     3
Dodge: Dodged            ||    29

Table legend:
 A = Spawn XP
 B = Non-spawn XP
 C = Spawn XP percentage of total XP
 D = Spawn monster count
 E = Non-spawn monster count
 F = Spawn count percentage of total count
 G = Total turns spent on level
                    A         B        C        D         E        F      G
               +---------+---------+-------+---------+---------+-------+---------
         Total |       0 |      80 |   0.0 |       0 |      32 |   0.0 |  1861
               +---------+---------+-------+---------+---------+-------+---------
           D:1 |       0 |      24 |   0.0 |       0 |      14 |   0.0 |   907
           D:2 |       0 |      52 |   0.0 |       0 |      16 |   0.0 |   859
           D:3 |       0 |       4 |   0.0 |       0 |       2 |   0.0 |    95
               +---------+---------+-------+---------+---------+-------+---------
